AoeStats
← [RAT] G0rm

African Clearing

506435466Analyzed
3v3 RM · 20d ago on Sep 13, 2026· 32m 35s· 6 players
Game mode
Random Map
Map size
Normal (6 player)
Population
200
Speed
Normal
Resources
Standard
Victory
Conquest
Starting age
Dark Age
Ending age
Imperial Age
RankedLock teamsTeams togetherTeam positionsShared explorationLock speedFull tech treeHidden civsTurbo modeCheats
Victory
Defeat
🇺🇸 Wei · United States
1646
+14
🇳🇱 Jurchens · Netherlands
1530
+18
🇷🇴 Italians · Romania
1522
+19
🇫🇷 Turks · France
1654
-20
🇫🇷 Persians · France
1564
-16
🇦🇷 Maya · Argentina
1534
-15
[RAT] Havik_AoE
10:24 Loom
12:45 Feudal Age
14:00 Double-Bit Axe
16:21 Fletching
30:28 Castle Age
34:10 Castle Age
32:28 Horse Collar
[RAT] G0rm
13:42 Feudal Age
13:33 Loom
15:53 Bloodlines
17:47 Castle Age
15:54 Double-Bit Axe
16:47 Scale Barding Armor
17:28 Forging
18:12 Bloodlines
18:22 Gold Mining
18:46 Bow Saw
19:23 Horse Collar
30:32 Wheelbarrow
32:16 Husbandry
[RAT] Spencer
8:58 Loom
11:30 Feudal Age
10:29 Loom
12:34 Double-Bit Axe
13:01 Horse Collar
17:39 Gold Mining
21:07 Castle Age
19:16 Stone Mining
20:05 Scale Barding Armor
21:03 Bloodlines
22:15 Bow Saw
22:32 Chain Barding Armor
23:21 Husbandry
28:22 Wheelbarrow
31:06 Town Watch
32:51 Gold Shaft Mining
76nateK
7:20 Loom
15:15 Feudal Age
20:28 Wheelbarrow
19:40 Double-Bit Axe
25:19 Castle Age
Ketan67
11:30 Loom
13:42 Feudal Age
14:57 Double-Bit Axe
17:01 Forging
17:42 Scale Barding Armor
20:39 Fletching
29:11 Castle Age
27:35 Scale Mail Armor
27:23 Horse Collar
27:53 Gold Mining
28:37 Stone Mining
30:41 Chain Barding Armor
gjizhijian6866
12:24 Feudal Age
13:22 Loom
16:20 Castle Age
14:34 Double-Bit Axe
18:41 Gold Mining
19:33 Bow Saw
19:15 Horse Collar
19:43 Fletching
21:29 Bodkin Arrow
22:16 Town Watch
24:35 Squires
25:41 Padded Archer Armor
26:39 Leather Archer Armor
26:53 Ballistics
30:33 Stone Mining
32:14 Wheelbarrow
Connection lost

Rejoining the realm…

Still unreachable

The connection could not be restored.

Session expired

The server has moved on; the page needs a fresh start.